 Dungeon Crawl Stone Soup version 0.30.1-11-g7821555f0a (webtiles) character file.

Game seed: 15114349071115860306

2219402 Hi5aMiFi the Invulnerable (level 27, 273/273 HPs)
             Began as a Minotaur Fighter on Jan 7, 2024.
             Was the Champion of Trog.
             Escaped with the Orb
             ... and 4 runes on Jan 9, 2024!
             The game lasted 09:46:57 (76985 turns).

Hi5aMiFi the Invulnerable (Minotaur Fighter)       Turns: 76985, Time: 09:46:57

Health: 273/273    AC: 43    Str: 45    XL:     27
Magic:  22/22      EV: 11    Int: 21    God:    Trog [******]
Gold:   2428       SH: 32    Dex: 11    Spells: 26/26 levels left

rFire   + + .        a - +9 demon trident (vamp)
rCold   + + .        G - +3 tower shield
rNeg    . . .        z - +4 gold dragon scales
rPois   +            m - +2 hat
rElec   +            g - +1 cloak "Fouvei" {rElec Str+4}
rCorr   .            K - +1 pair of gloves "Hiqevaid" {Str+4 Dex+5}
SInv    +            h - +2 pair of boots of Pemodoo {Regen+ Str+3}
Will    ++...        i - amulet of reflection Stlth
                     Q - ring of Birdsong {rF+ rC+ Str+5 Int+8 Dex-4}
HPRegen 1.45/turn    n - ring of the Ubiquitous Coconut {Str-2 Int+6 Slay+5 SInv Stlth+}
MPRegen 0.18/turn

%: reflection
@: hasted, studying Short Blades, very quick
A: horns 2, retaliatory headbutt, clumsy 1
0: Orb of Zot
}: 4/15 runes: barnacled, slimy, silver, gossamer
a: Renounce Religion, Berserk, Trog's Hand, Brothers in Arms


You escaped.
You worshipped Trog.
Trog was exalted by your worship.
You visited 12 branches of the dungeon, and saw 56 of its levels.
You visited 1 bazaar.
You also visited: Volcano.

You collected 11111 gold pieces.
You spent 8683 gold pieces at shops.

Inventory:

Hand Weapons
 a - a +9 vampiric demon trident (weapon)
 e - the +9 trident of Wonkous {holy, rC+ Int+6}
   (You found it on level 2 of the Lair of Beasts)

   Int:       It affects your intelligence (+6).
   rC:        It protects you from cold.
 k - a +9 antimagic flail
 U - the +7 trident of Peril {heavy, rC+++}
   (Trog gifted it to you on level 7 of the Dungeon)

   rC:        It renders you almost immune to cold.
Missiles
 b - 2 throwing nets
 q - 14 javelins
 H - 21 boomerangs (quivered)
 L - 3 boomerangs of dispersal
 N - 9 silver boomerangs
 T - 15 silver javelins
Armour
 g - the +1 cloak "Fouvei" (worn) {rElec Str+4}
   (You found it on level 5 of the Vaults)

   Str:       It affects your strength (+4).
   rElec:     It insulates you from electricity.
 h - the +2 pair of boots of Pemodoo (worn) {Regen+ Str+3}
   (You acquired it on level 3 of the Shoals)

   Str:       It affects your strength (+3).
   Regen:     It increases your rate of health regeneration.
 m - a +2 hat (worn)
 z - +4 gold dragon scales (worn)
 G - a +3 tower shield (worn)
 I - a +2 cloak of fire resistance
 K - the +1 pair of gloves "Hiqevaid" (worn) {Str+4 Dex+5}
   (You acquired it on level 5 of the Vaults)

   Str:       It affects your strength (+4).
   Dex:       It affects your dexterity (+5).
Jewellery
 i - an amulet of reflection (around neck)
 n - the ring of the Ubiquitous Coconut (right hand) {Str-2 Int+6 Slay+5 SInv Stlth+}
   (You found it on level 2 of the Shoals)

   [ring of intelligence]

   Str:       It affects your strength (-2).
   Int:       It affects your intelligence (+6).
   Slay:      It affects your accuracy & damage with ranged weapons and melee
   (+5).
   SInv:      It lets you see invisible.
   Stlth:     It makes you more stealthy.
 B - the ring of Tustres {rC+ rCorr}
   (You found it on level 3 of the Elven Halls)

   [ring of protection from cold]

   rC:        It protects you from cold.
   rCorr:     It protects you from acid and corrosion.
 Q - the ring of Birdsong (left hand) {rF+ rC+ Str+5 Int+8 Dex-4}
   (You bought it in a shop on level 4 of the Depths)

   [ring of protection from fire]

   Str:       It affects your strength (+5).
   Int:       It affects your intelligence (+8).
   Dex:       It affects your dexterity (-4).
   rF:        It protects you from fire.
   rC:        It protects you from cold.
 R - the ring "Ilyqoi Ifef" {rN+ Str+2}
   (You found it on level 1 of the Shoals)

   [ring of positive energy]

   Str:       It affects your strength (+2).
   rN:        It protects you from negative energy.
 W - a ring of flight
 Y - an amulet of reflection
Wands
 c - a wand of charming (55)
 r - a wand of digging (16)
 v - a wand of iceblast (66)
 X - a wand of quicksilver (20)
Scrolls
 d - 2 scrolls of silence
 f - 17 scrolls of vulnerability
 l - 5 scrolls of butterflies
 o - 11 scrolls of immolation
 u - 13 scrolls of fear
 x - 4 scrolls of blinking
 P - 17 scrolls of teleportation
 V - 7 scrolls of fog
Potions
 j - 7 potions of lignification
 s - 10 potions of ambrosia
 t - 18 potions of curing
 w - 4 potions of haste
 A - 14 potions of heal wounds
 C - 6 potions of invisibility
 D - 15 potions of mutation
 F - 15 potions of attraction
 M - 7 potions of might
 O - 3 potions of berserk rage
 S - 2 potions of resistance
 Z - 3 potions of cancellation
Miscellaneous
 p - a condenser vane
 y - a box of beasts
 E - a phantom mirror


   Skills:
 O Level 27 Fighting
 - Level 16.0 Maces & Flails
 * Level 18.5 Polearms
 - Level 2.0 Ranged Weapons
 - Level 20.0 Throwing
 O Level 27 Armour
 - Level 5.0 Dodging
 O Level 27 Shields
 + Level 16.6 Evocations


You had 26 spell levels left.
You didn't know any spells.
Your spell library contained the following spells:

 Spells                   Type           Power      Damage    Failure   Level
 Call Canine Familiar     Summ           0%         N/A       86%         3
 Portal Projectile        Hex/Tloc       0%         N/A       86%         3
 Tukima's Dance           Hex            0%         N/A       86%         3
 Leda's Liquefaction      Hex/Erth       0%         N/A       99%         4
 Blade Hands              Tmut           0%         N/A       100%        5


Dungeon Overview and Level Annotations

Branches:
Dungeon (15/15)            Temple (1/1) D:7            Lair (5/5) D:11
 Shoals (4/4) Lair:2       Spider (4/4) Lair:3        Slime (5/5) Lair:5
    Orc (2/2) D:9             Elf (3/3) Orc:2        Vaults (5/5) D:13
  Crypt (3/3) Vaults:2       Tomb (0/3) Crypt:3      Depths (4/4) D:15
    Zot (5/5) Depths:4    Volcano (visited)

Altars:
Ashenzari
Cheibriados
Dithmenos
Elyvilon
Fedhas
Gozag
Hepliaklqana
Kikubaaqudgha
Makhleb
Nemelex Xobeh
Okawaru
Qazlal
Ru
Sif Muna
Trog
Uskayaw
Vehumet
Wu Jian
Xom
Yredelemnul
Zin
The Shining One
Jiyva

Shops:
D:6 :   Orc:2 =(([   Elf:2 [   Elf:3 =:=   Shoals:3 :*[?   Vaults:3 :
Depths:1 =   Depths:4 !:*=

Portals:
Hell: Depths:1 Depths:2 Depths:3 Depths:4
Abyss: Zot:1 Depths:2 Depths:3 Depths:4
Pandemonium: Depths:2 Depths:3
Ziggurat: Depths:1
Trove: Vaults:1 (give +3 gold dragon scales)

Annotations:
Zot:1 2 transporters, dcgrp's ghost, legendary GrEE


Innate Abilities, Weirdness & Mutations

You have a pair of horns on your head.
You reflexively headbutt those who attack you in melee.
You are clumsy. (Dex -2)


Message History

There is a stone staircase leading up here.
You climb upwards.
There is a stone staircase leading down here.
An Orb Guardian comes into view.
An Orb Guardian is nearby!
There is a stone staircase leading up here.
You climb upwards.
There is a stone staircase leading down here.
Aiming: Dig
Press: ? - help, Shift-Dir - straight line A rock wall.
This square is covered in magical glow.
The rock shatters into small pieces.
Aiming: Dig
Press: ? - help, Shift-Dir - straight line A rock wall.
This square is covered in magical glow.
The rock shatters into small pieces.
Your extra speed is starting to run out.
There is a stone staircase leading up here.
You climb upwards.
There is a stone staircase leading down here.
Unknown command.
Aiming: Dig
Press: ? - help, Shift-Dir - straight line A rock wall.
This square is covered in magical glow.
The rock shatters into small pieces.
Blink to where?
Press: ? - help, Dir - move target
As you read the scroll of blinking, it crumbles to dust.
You feel yourself slow down.
You feel yourself speed up.
Blink to where?
Press: ? - help, Dir - move target
As you read the scroll of blinking, it crumbles to dust.
Blink to where?
Press: ? - help, Dir - move target
As you read the scroll of blinking, it crumbles to dust.
You have escaped!

..'....####..#.#....##.....######
..####.##..................# ####
.§........###....######....# #...
..####..§...........# #....# #...
..# ####........#.## #....# #...
### ##..######## #....###### ##
#####..######## #.......... .#
#..##..##.....# #.......... .#
#..##...'..@..# ##.........) .#
#..##..##.....# #..###...... .##
#..'...######## #.## #...... ..##
#..##..##########.# #...... .†.#
#..##.............# #...... .#†#
#..##.⌠.........### #......
.#.#######...######### #......
.#..######...######### #......
.##..................# #......


There were no monsters in sight!

Vanquished Creatures
  the Royal Jelly (Slime:5)
  3 dread liches
  5 ancient liches
  3 orbs of fire (Zot:5)
  Mennas (Depths:3)
  Mara (Shoals:3)
  2 juggernauts (Depths:2)
  7 Killer Klowns
  Bai Suzhen (Vaults:5)
  Frederick (Vaults:3)
  A curse toe (Zot:5)
  Nikola (Shoals:1)
  12 golden dragons
  The ghost of Vyun the Tortoise, an adept MiFi of Qazlal (Elf:3)
  3 bone dragons
  Jorgrun (Shoals:3)
  2 Tzitzimimeh
  3 doom hounds
  25 tentacled monstrosities
  4 electric golems
  Grunn (Crypt:1)
  7 liches
  26 Orb Guardians
  A walking divine tome (Depths:3)
  2 deep elf master archers (Elf:3)
  2 deep elf blademasters (Elf:3)
  4 titans (Vaults:5)
  8 ancient champions
  2 krakens (Shoals:4)
  14 acid blobs
  6 quicksilver dragons
  The ghost of Uskumoca the Bludgeoner, an adept OgCA of Zin (Elf:1)
  11 death cobs
  Polyphemus (Shoals:3)
  Agnes (Spider:1)
  17 storm dragons
  8 sphinxes
  Roxanne (D:15)
  Kirke (Shoals:1)
  18 shadow dragons
  9 tengu reavers
  Ilsuiw (Shoals:3)
  8 draconian monks
  3 revenants
  7 draconian knights
  7 rockslimes
  3 emperor scorpions
  8 frost giants
  An iron dragon (Vaults:5)
  12 vault wardens
  8 fire giants
  7 azure jellies
  8 draconian scorchers
  Louise (Shoals:1)
  5 deep elf sorcerers
  A curse skull (Crypt:1)
  Aizul (Depths:1)
  8 ghost moths
  6 deep elf elementalists (Elf:3)
  14 ironbound preservers
  7 quicksilver oozes (Slime:5)
  A draconian stormcaller (Zot:1)
  9 ghouls
  5 draconian shifters
  A reaper (Crypt:2)
  15 very ugly things
  A war gargoyle (Vaults:5)
  2 broodmothers
  A juggernaut skeleton (Crypt:2)
  An orc warlord (Orc:2)
  5 caustic shrike skeletons
  7 draconian annihilators
  A putrid mouth (Vaults:2)
  13 stone giants
  2 spriggan defenders
  14 green draconians
  21 black draconians
  11 ironbound thunderhulks
  Azrael (D:14)
  A rockslime zombie (Crypt:3)
  4 deep elf demonologists
  12 yellow draconians
  19 white draconians
  11 vampire knights
  14 purple draconians
  2 spectral hellephants (Crypt:3)
  5 deep elf annihilators (Elf:3)
  An ettin (shapeshifter) (Vaults:5)
  6 eidola
  14 red draconians
  17 dire elephants
  8 deep elf death magi
  5 spark wasps
  15 fire dragons
  2 crystal guardians (Vaults:4)
  11 ettins
  8 merfolk javelineers
  5 merfolk impalers
  A blizzard demon (Depths:1)
  8 entropy weavers
  Josephine (D:14)
  14 yaktaur captains
  A quicksilver dragon skeleton (Crypt:3)
  16 jiangshi
  4 deep elf high priests
  7 great orbs of eyes
  4 rakshasas
  31 vault guards
  A fenstrider witch zombie (Crypt:3)
  4 ogre magi
  4 peacekeepers
  2 jorogumos
  4 spriggan air magi
  5 ice dragons
  A hydra (shapeshifter) (Vaults:5)
  5 hydras
  10 ironbound frosthearts
  2 spriggan skeletons
  10 centaur warriors
  A merfolk avatar (Shoals:4)
  2 ghost crabs (Spider:1)
  An alligator snapping turtle (Shoals:1)
  5 death knights
  A hell beast (Depths:1)
  2 catoblepae
  2 satyrs
  2 radroaches (Spider:1)
  Erica (Lair:1)
  3 merfolk aquamancers
  2 azure jelly zombies (Crypt:2)
  13 boulder beetles
  28 two-headed ogres
  A hell hog (Depths:1)
  5 tengu warriors
  13 deep troll earth magi
  12 vampire magi
  5 deep troll shamans
  28 dancing weapons
  2 titan zombies
  3 death yaks (Shoals:3)
  2 soul eaters (Crypt:2)
  2 spectral elves (Crypt:3)
  7 spriggan berserkers
  3 orc high priests
  17 deep elf knights
  6 iron trolls
  A hell knight (Depths:2)
  7 skysharks
  5 titan skeletons (Crypt:3)
  A bunyip zombie (Crypt:1)
  5 shadow wraiths
  A golden dragon zombie (Depths:3)
  34 skeletal warriors
  A salamander mystic (Volcano)
  2 spectral death yaks (Lair:5)
  4 pharaoh ants
  2 sun moths
  A spectral anaconda (Lair:5)
  3 death drakes (Depths:4)
  4 glowing orange brains
  9 sea snakes
  5 flayed ghosts
  37 deep trolls
  2 lindwurms
  An iron giant skeleton (Crypt:3)
  An anaconda zombie (Crypt:3)
  11 deep elf archers
  6 orc knights
  8 wizards
  3 bog bodies
  A bunyip skeleton (Crypt:3)
  A golden dragon skeleton (Depths:2)
  9 steelbarb worms
  15 phantasmal warriors
  2 obsidian statues
  4 orb spiders
  A harpy (shapeshifter) (Elf:3)
  27 deep elf zephyrmancers
  12 necromancers
  19 ironbound convokers
  22 wolf spiders
  15 harpies
  A salamander (shapeshifter) (Vaults:5)
  37 deep elf pyromancers
  6 fauns
  2 orc sorcerers (Orc:1)
  A shining eye (shapeshifter) (Vaults:5)
  25 ugly things
  9 shining eyes
  34 moths of wrath
  2 frost giant zombies
  16 manticores
  2 fauns (shapeshifter)
  4 salamanders
  8 cyclopes
  An iron dragon skeleton (Crypt:3)
  12 merfolk sirens
  2 human skeletons
  A manticore (shapeshifter) (D:13)
  14 elephants
  2 guardian serpents (shapeshifter)
  A stone giant skeleton (Crypt:1)
  A water nymph (shapeshifter) (Depths:1)
  A grey draconian zombie (Crypt:3)
  An elf zombie (Vaults:4)
  3 demonic crawlers
  A dire elephant skeleton (Crypt:3)
  4 torpor snails
  10 water nymphs
  7 black mambas
  3 gargoyles (Volcano)
  3 eyes of devastation
  7 centaur skeletons
  8 cane toads
  3 molten gargoyles (Volcano)
  18 vault sentinels
  An unseen horror (D:11)
  3 rime drakes
  A freezing wraith (Crypt:2)
  A tengu conjurer (Depths:1)
  5 komodo dragons
  41 yaktaurs
  4 kobold demonologists
  3 efreet
  A tormentor (Crypt:1)
  A yaktaur skeleton (Vaults:2)
  A swamp worm zombie (Crypt:3)
  2 elf skeletons (Vaults:2)
  2 polar bears
  9 trolls
  A minotaur skeleton (Crypt:3)
  24 merfolk
  3 meliai (Spider:1)
  A red draconian skeleton (Crypt:1)
  A sea snake skeleton (Crypt:1)
  A shadow dragon simulacrum (Depths:3)
  29 tarantellas
  2 hydra skeletons (Crypt:3)
  A catoblepas skeleton (Crypt:2)
  4 hornets
  Grinder (D:4)
  5 tyrant leeches (Spider:1)
  16 blink frogs
  6 wind drakes
  5 harpy skeletons
  3 dream sheep (Shoals:1)
  A meliai zombie (Crypt:1)
  5 snapping turtles
  14 culicivoras
  3 spectral elephants (Lair:5)
  A guardian serpent skeleton (Crypt:1)
  A spriggan zombie (Depths:2)
  A frost giant simulacrum (Vaults:4)
  11 flying skulls
  36 jumping spiders
  116 slime creatures
  A black mamba zombie (Crypt:2)
  8 water elementals
  2 vampires (D:7)
  2 shadows
  4 spriggans
  13 wraiths
  5 wyverns
  An ettin skeleton (Crypt:3)
  2 air elementals
  38 yaks
  A yak (shapeshifter) (Depths:3)
  A fire bat (shapeshifter) (Depths:3)
  4 basilisks
  10 vampire mosquitoes
  3 fire elementals
  3 death yak simulacra (Lair:5)
  6 hogs (Shoals:1)
  A redback (shapeshifter) (D:13)
  72 redbacks
  A yaktaur simulacrum (Vaults:2)
  Menkaure (D:7)
  A warg (Orc:1)
  2 spectral cane toads (Lair:5)
  A harpy simulacrum (Crypt:1)
  Edmund (D:5)
  A glowing shapeshifter zombie (Vaults:2)
  6 hell hounds (D:14)
  2 acid dragons
  An acid dragon (shapeshifter) (Vaults:5)
  Duvessa (D:5)
  2 floating eyes
  A water moccasin (shapeshifter) (Spider:4)
  11 water moccasins
  32 orc warriors
  2 ice beasts
  A sky beast (D:7)
  A cane toad skeleton (Crypt:3)
  2 elephant zombies (Lair:5)
  A black bear (shapeshifter) (Elf:2)
  9 ogres
  20 wolves
  4 boggarts
  14 centaurs
  A blink frog skeleton (Crypt:1)
  An elephant skeleton (Lair:5)
  An elf simulacrum (Vaults:2)
  A human zombie (Vaults:2)
  8 kobold brigands
  A yaktaur zombie (Crypt:3)
  A hog skeleton (Crypt:1)
  4 necrophages
  3 scorpions (D:5)
  7 bullfrogs
  A naga simulacrum (Crypt:1)
  A cane toad simulacrum (Lair:5)
  A draconian skeleton (Crypt:3)
  2 earth elementals (Elf:2)
  25 wights
  2 troll zombies (D:9)
  Dowan (D:5)
  6 killer bees (D:11)
  6 electric eels
  6 howler monkeys
  A troll skeleton (Crypt:2)
  7 hounds
  5 jellies (Lair:5)
  22 orc priests
  Crazy Yiuf (D:5)
  A gnoll bouda (D:6)
  Jessica (D:3)
  4 iguanas
  Ijyb (D:4)
  23 orc wizards
  A sleepcap (D:5)
  6 ogre zombies (D:9)
  4 adders
  8 gnolls
  4 shadow imps
  An ufetubus (D:6)
  A lava snake zombie (Crypt:2)
  4 dart slugs
  93 orcs
  6 goblins
  8 hobgoblins
  4 jackals (D:2)
  7 quokkas
  5 ball pythons
  2 bats (D:1)
  4 frilled lizards
  2 goblin zombies (D:9)
  A hobgoblin skeleton (D:9)
  3 hobgoblin zombies (D:9)
  A jackal skeleton (Crypt:2)
  40 kobolds
  5 kobold skeletons (D:10)
  13 kobold zombies (D:10)
  7 orc skeletons (D:9)
  13 orc zombies
  4 rats
  8 tentacles (Shoals:4)
2504 creatures vanquished.

Vanquished Creatures (collateral kills)
  Xtahua (Vaults:2)
  Rupert (Spider:1)
  A deep elf blademaster (Elf:2)
  A quicksilver dragon (Depths:4)
  Gastronok (D:10)
  2 fire giants (Depths:1)
  A rockslime (Slime:4)
  An iron dragon (Depths:1)
  A vault warden (Vaults:2)
  A red draconian (Zot:4)
  A merfolk impaler (Shoals:4)
  2 fire dragons (Depths:1)
  A dancing weapon (Elf:2)
  A two-headed ogre (D:9)
  A merfolk aquamancer (Shoals:4)
  A tengu warrior (Depths:1)
  A skeletal warrior (D:13)
  An orc knight (Volcano)
  2 deep elf pyromancers (Elf:2)
  A salamander (Volcano)
  A molten gargoyle (Volcano)
  A gargoyle (D:10)
  A tengu conjurer (Depths:1)
  A wind drake (Shoals:1)
  4 slime creatures (Slime:4)
  A wolf (D:11)
  A centaur (D:8)
  An electric eel (D:11)
  A hound (D:11)
  An orc (D:11)
36 creatures vanquished.

Vanquished Creatures (others)
  A draconian knight (Zot:1)
  A fire giant (Vaults:5)
  A black draconian (Zot:3)
  An ironbound frostheart (Vaults:3)
  2 death drakes (Depths:4)
  A deep elf zephyrmancer (Elf:3)
  A moth of wrath (Zot:4)
  A slime creature (D:9)
  A culicivora (Spider:2)
  A yak (D:8)
  An orc (Orc:2)
  9 tentacles (Shoals:4)
21 creatures vanquished.

Grand Total: 2561 creatures vanquished

Notes
Turn   | Place    | Note
-------+----------+-------------------------------------------
     0 | D:1      | Hi5aMiFi the Minotaur Fighter began the quest for the Orb.
     0 | D:1      | Reached XP level 1. HP: 19/19 MP: 0/0
   185 | D:1      | Reached XP level 2. HP: 26/28 MP: 1/1
   443 | D:1      | Reached skill level 1 in Ranged Weapons
   733 | D:2      | Reached XP level 3. HP: 34/34 MP: 2/2
  1555 | D:3      | Found a faded altar of an unknown god.
  1632 | D:3      | Reached skill level 5 in Fighting
  1648 | D:3      | Noticed Jessica
  1764 | D:4      | Noticed Ijyb
  2205 | D:4      | Noticed Grinder
  2224 | D:5      | Entered Level 5 of the Dungeon
  2237 | D:5      | Reached XP level 4. HP: 39/42 MP: 3/3
  2297 | D:5      | Noticed a scorpion
  2309 | D:5      | Killed a scorpion
  2310 | D:5      | Reached XP level 5. HP: 50/50 MP: 4/4
  2428 | D:5      | Reached skill level 5 in Armour
  2480 | D:5      | Reached XP level 6. HP: 57/58 MP: 5/5
  2614 | D:5      | Noticed Edmund
  2702 | D:4      | Killed Ijyb
  2762 | D:3      | Killed Jessica
  3548 | D:5      | Reached skill level 1 in Throwing
  3574 | D:5      | Found a hide-covered altar of Uskayaw.
  3778 | D:5      | Reached skill level 1 in Maces & Flails
  3778 | D:5      | Reached XP level 7. HP: 66/66 MP: 6/6
  3872 | D:5      | Found a runed translucent door.
  3873 | D:5      | Noticed Crazy Yiuf
  4087 | D:6      | Found a broken altar of Ashenzari.
  4258 | D:6      | Found Caome's Book Shop.
  4605 | D:7      | Reached skill level 1 in Evocations
  4605 | D:7      | Reached XP level 8. HP: 73/73 MP: 7/7
  4614 | D:7      | Reached skill level 5 in Maces & Flails
  4700 | D:7      | Found a white marble altar of Elyvilon.
  4755 | D:7      | Noticed a komodo dragon
  5119 | D:7      | Found a staircase to the Ecumenical Temple.
  5145 | Temple   | Entered the Ecumenical Temple
  5225 | Temple   | Became a worshipper of Trog the Wrathful
  5631 | D:7      | Found a transporter.
  5633 | D:7      | Found a transporter.
  5791 | D:7      | Found an ancient bone altar of Kikubaaqudgha.
  5854 | D:7      | Identified the +0 leather armour "Liad" {Harm rElec Str+3
                  | Stlth+}
  5856 | D:7      | Noticed Menkaure
  5977 | D:7      | Found a basalt altar of Yredelemnul.
  6178 | D:8      | Noticed a two-headed ogre
  6625 | D:8      | Found an opulent altar of Gozag.
  6660 | D:8      | Reached XP level 9. HP: 81/82 MP: 8/8
  6801 | D:8      | Found a burning altar of Makhleb.
  6959 | D:8      | Found a snail-covered altar of Cheibriados.
  7470 | D:9      | Noticed a two-headed ogre
  7500 | D:9      | Noticed a two-headed ogre
  7510 | D:9      | Killed a two-headed ogre
  7511 | D:9      | Reached skill level 10 in Armour
  7512 | D:9      | Reached skill level 10 in Fighting
  7577 | D:9      | Reached * piety under Trog
  7740 | D:9      | Noticed a two-headed ogre
  7899 | D:9      | Reached XP level 10. HP: 77/94 MP: 9/9
  8596 | D:9      | Killed a two-headed ogre
  8621 | D:9      | Reached ** piety under Trog
  8777 | D:9      | Found a staircase to the Orcish Mines.
  8879 | D:9      | Killed a two-headed ogre
  9087 | D:8      | Killed a two-headed ogre
  9220 | D:5      | Noticed Dowan
  9220 | D:5      | Noticed Duvessa
  9230 | D:5      | Killed Duvessa
  9233 | D:5      | Killed Dowan
  9315 | D:5      | Killed Crazy Yiuf
  9614 | D:5      | Killed Edmund
  9652 | D:4      | Killed Grinder
 10062 | D:10     | Entered Level 10 of the Dungeon
 10223 | D:10     | Noticed Gastronok
 10372 | D:10     | Reached skill level 5 in Throwing
 10372 | D:10     | Reached XP level 11. HP: 100/105 MP: 10/10
 10417 | D:10     | Reached *** piety under Trog
 10510 | D:10     | Found an ancient bone altar of Kikubaaqudgha.
 10878 | D:10     | Identified the +1 robe of Moral Flaws {Dex+4}
 11181 | D:11     | Noticed a two-headed ogre
 11193 | D:11     | Killed a two-headed ogre
 11311 | D:11     | Noticed a two-headed ogre
 11327 | D:11     | Killed a two-headed ogre
 11735 | D:11     | Noticed a boulder beetle
 11750 | D:11     | Killed a boulder beetle
 11750 | D:11     | Reached **** piety under Trog
 12354 | D:11     | Reached skill level 10 in Maces & Flails
 12676 | D:11     | Found a staircase to the Lair.
 12763 | Lair:1   | Entered Level 1 of the Lair of Beasts
 12940 | Lair:1   | Reached skill level 5 in Polearms
 12966 | Lair:1   | Found a dark tunnel.
 12982 | Volcano  | Entered a volcano
 13053 | Volcano  | Noticed an orc knight
 13064 | Volcano  | Noticed a wizard
 13067 | Volcano  | Killed an orc knight
 13082 | Volcano  | Killed a wizard
 13083 | Volcano  | Reached XP level 12. HP: 117/117 MP: 11/11
 13397 | Volcano  | Noticed an orb of fire
 13810 | Volcano  | Noticed an orb of fire
 14403 | Lair:1   | Reached skill level 15 in Fighting
 14569 | Lair:1   | Noticed Erica
 14590 | Lair:1   | Killed Erica
 15500 | Lair:2   | Reached ***** piety under Trog
 15818 | Lair:2   | Identified the +9 trident of Wonkous {holy, rC+ Int+6}
 15933 | Lair:2   | Found a staircase to the Shoals.
 16543 | Lair:3   | Reached XP level 13. HP: 101/126 MP: 12/12
 16611 | Lair:3   | Found a hole to the Spider Nest.
 16913 | Lair:3   | Reached skill level 10 in Polearms
 17429 | Lair:4   | Received a gift from Trog
 18199 | Lair:5   | Entered Level 5 of the Lair of Beasts
 18893 | Lair:5   | Found a viscous altar of Jiyva.
 18905 | Lair:5   | Found a staircase to the Slime Pits.
 19429 | Lair:5   | Noticed a dire elephant
 19429 | Lair:5   | Noticed a dire elephant
 19430 | Lair:5   | Noticed a dire elephant
 19503 | Lair:5   | Noticed a dire elephant
 19521 | Lair:5   | Killed a dire elephant
 20034 | D:12     | You fall into a shaft and drop 3 floors!
 20034 | D:15     | Entered Level 15 of the Dungeon
 20354 | D:12     | Reached XP level 14. HP: 103/135 MP: 13/13
 21985 | D:13     | Found a gate to the Vaults.
 22012 | D:13     | Reached skill level 15 in Armour
 22378 | D:13     | Received a gift from Trog
 22773 | D:13     | Reached skill level 5 in Shields
 22776 | D:13     | Identified the +0 leather armour of Ethereal Surprise {Fly
                  | Dex+3}
 22952 | D:13     | Identified the +4 quarterstaff "Ekof" {heavy, rPois MP+9
                  | Str+3}
 22954 | D:13     | Identified the +5 mace "Qokiorat" {venom, Dex+2}
 23466 | D:14     | Reached skill level 10 in Throwing
 23492 | D:14     | Noticed Azrael
 23507 | D:14     | Killed Azrael
 23785 | D:14     | Noticed Josephine
 23793 | D:14     | Killed Josephine
 24195 | D:10     | Killed Gastronok
 24668 | Lair:5   | Reached XP level 15. HP: 146/146 MP: 14/14
 25367 | Orc:1    | Entered Level 1 of the Orcish Mines
 25694 | Orc:2    | Entered Level 2 of the Orcish Mines
 25749 | Orc:2    | Found a staircase to the Elven Halls.
 26095 | Orc:2    | Found Xehep's Jewellery Shop.
 26335 | Orc:2    | Reached ****** piety under Trog
 26433 | Orc:2    | Received a gift from Trog
 26726 | Orc:2    | Found Xyffisih's Weapon Shop.
 27038 | Orc:2    | Found Pexzipaw's Antique Weapon Boutique.
 27042 | Orc:2    | Found Joklifov's Antique Armour Shop.
 27146 | Orc:2    | Bought a shiny plate armour for 832 gold pieces
 27146 | Orc:2    | Bought a warped chain mail for 304 gold pieces
 27146 | Orc:2    | Identified the +6 chain mail of Ittos {Str+3} (You bought
                  | it in a shop on level 2 of the Orcish Mines)
 27209 | Orc:2    | Bought a ring of protection from fire for 350 gold pieces
 27209 | Orc:2    | Bought a ring of protection from cold for 350 gold pieces
 27380 | Shoals:1 | Entered Level 1 of the Shoals
 27530 | Shoals:1 | Noticed Kirke
 27553 | Shoals:1 | Killed Kirke
 27624 | Shoals:1 | Noticed Nikola
 27646 | Shoals:1 | Killed Nikola
 27674 | Shoals:1 | Received a gift from Trog
 27880 | Shoals:1 | Noticed Louise
 27898 | Shoals:1 | Killed Louise
 28192 | Shoals:1 | Identified the ring "Ilyqoi Ifef" {rN+ Str+2}
 28559 | Shoals:2 | You fall into a shaft and drop 1 floor!
 28834 | Shoals:2 | Reached XP level 16. HP: 159/159 MP: 15/15
 28900 | Shoals:2 | Received a gift from Trog
 28904 | Shoals:2 | Reached skill level 10 in Shields
 28992 | Shoals:2 | Identified the ring of the Ubiquitous Coconut {Str-2 Int+6
                  | Slay+5 SInv Stlth+}
 29021 | Shoals:2 | Found the +10 morningstar "Eos" {elec, Halo rElec}
 29570 | Shoals:3 | Found Asuelu's Book Boutique.
 29570 | Shoals:3 | Noticed Mara
 29578 | Shoals:3 | Noticed Hi5aMiFi's illusion
 29581 | Shoals:3 | Killed Mara
 29594 | Shoals:3 | Noticed Ilsuiw
 29814 | Shoals:3 | Noticed Polyphemus
 29902 | Shoals:3 | Killed Polyphemus
 30028 | Shoals:3 | Found Torph's Assorted Antiques.
 30118 | Shoals:3 | Killed Ilsuiw
 30291 | Shoals:3 | Bought a scroll of identify for 58 gold pieces
 30294 | Shoals:3 | Found Mocu's Armour Shop.
 30425 | Shoals:3 | Found Nynuqomoug's Magic Scroll Shoppe.
 30539 | Shoals:3 | Noticed Jorgrun
 30562 | Shoals:3 | Killed Jorgrun
 31009 | Spider:1 | Entered Level 1 of the Spider Nest
 31009 | Spider:1 | Noticed Agnes
 31017 | Spider:1 | Killed Agnes
 31188 | Spider:1 | Noticed Rupert
 31196 | Spider:1 | Killed Rupert
 31453 | Spider:1 | Reached skill level 15 in Shields
 32251 | Spider:1 | Identified the +7 glaive "Vemuh" {speed, Contam rF- rCorr
                  | Int+6}
 32847 | Spider:2 | Reached XP level 17. HP: 134/168 MP: 16/16
 32970 | Spider:2 | Received a gift from Trog
 34476 | Spider:3 | Identified the +7 morningstar "Ufauhue" {heavy, rN+} (Trog
                  | gifted it to you on level 3 of the Spider Nest)
 34476 | Spider:3 | Received a gift from Trog
 35172 | Spider:4 | Entered Level 4 of the Spider Nest
 36256 | Spider:4 | Identified the orb of Bursted the Leaf {*channel, rCorr}
 36258 | Spider:4 | Got a gossamer rune of Zot
 36590 | Spider:4 | Received a gift from Trog
 37031 | Shoals:4 | Entered Level 4 of the Shoals
 37236 | Shoals:3 | Bought a scroll of acquirement for 1040 gold pieces
 37236 | Shoals:3 | Acquired the +2 pair of boots of Pemodoo {Regen+ Str+3}
 37282 | Shoals:4 | Reached XP level 18. HP: 178/178 MP: 17/17
 37494 | Shoals:4 | Got a barnacled rune of Zot
 37973 | Shoals:4 | Identified the +6 shortbow "Obocuack" {drain, rElec Will+}
 38550 | Shoals:3 | Bought a scroll of identify for 40 gold pieces
 38985 | D:7      | Identified the +7 trident of Peril {heavy, rC+++} (Trog
                  | gifted it to you on level 7 of the Dungeon)
 38985 | D:7      | Received a gift from Trog
 39000 | D:7      | Killed Menkaure
 39009 | D:7      | Identified the +1 leather armour "Kedwem" {rN++ Will-
                  | Regen+ Int+4}
 39256 | D:15     | Noticed Roxanne
 39835 | D:15     | Found a staircase to the Depths.
 39891 | D:15     | Killed Roxanne
 39901 | D:15     | Acquired 825 gold pieces
 40064 | Orc:2    | Bought a ring of willpower for 350 gold pieces
 40222 | Vaults:1 | Entered Level 1 of the Vaults
 40445 | Vaults:1 | Received a gift from Trog
 40992 | Vaults:1 | Received a gift from Trog
 41032 | Vaults:1 | Reached XP level 19. HP: 185/185 MP: 18/18
 41114 | Vaults:1 | Found a portal to a secret trove of treasure.
 41848 | Vaults:2 | Noticed Xtahua
 41858 | Vaults:2 | Killed Xtahua
 42212 | Vaults:2 | Received a gift from Trog
 42330 | Vaults:2 | Found the +3 warlock's mirror {omnireflect}
 42739 | Vaults:2 | Found a staircase to the Crypt.
 42739 | Vaults:2 | Found a basalt altar of Yredelemnul.
 42740 | Vaults:2 | Found an ancient bone altar of Kikubaaqudgha.
 43228 | Vaults:2 | Received a gift from Trog
 43794 | Vaults:3 | Identified the +1 flail of Awkwardness {drain, Fragile
                  | +Blink rC+ Int+4}
 44163 | Vaults:3 | Reached skill level 5 in Evocations
 44335 | Vaults:3 | Found Tuclemeki's Book Shop.
 44349 | Vaults:3 | Noticed Frederick
 44367 | Vaults:3 | Killed Frederick
 44486 | Vaults:3 | Reached XP level 20. HP: 198/198 MP: 19/19
 45117 | Vaults:4 | Received a gift from Trog
 46983 | Shoals:3 | Bought a +1 pair of gloves of dexterity for 247 gold pieces
 46996 | Shoals:3 | Bought a fine chain mail for 275 gold pieces
 46996 | Shoals:3 | Identified the +6 chain mail of Uchoalag {-Cast rF+ rN+++
                  | Regen+} (You bought it in a shop on level 3 of the Shoals)
 47181 | Elf:1    | Entered Level 1 of the Elven Halls
 47409 | Elf:1    | Found a runed translucent door.
 47409 | Elf:1    | Found a shimmering altar of Xom.
 47409 | Elf:1    | Noticed Uskumoca's ghost (adept OgCA)
 47410 | Elf:1    | Identified the +1 quarterstaff "Ohoikohe" {chaos, Int+3
                  | Dex+2}
 47451 | Elf:1    | Paralysed by an air elemental for 1 turns
 47564 | Elf:1    | Received a gift from Trog
 48082 | Elf:1    | Identified the +10 hand axe "Wiatacw" {pain, rElec rC+}
 48313 | Elf:1    | Killed Uskumoca's ghost
 48366 | Elf:2    | Found Xoptow's Armour Shoppe.
 48371 | Elf:2    | Reached skill level 15 in Maces & Flails
 48664 | Elf:2    | Received a gift from Trog
 48727 | Elf:2    | Found a runed translucent gate.
 48728 | Elf:2    | Found a runed translucent gate.
 48728 | Elf:2    | Found a runed translucent gate.
 49259 | Elf:3    | Entered Level 3 of the Elven Halls
 49291 | Elf:3    | Paralysed by an air elemental for 1 turns
 49313 | Elf:3    | Identified the orb of Yesterday {*channel, rF+ Int+5}
 49357 | Elf:3    | Received a gift from Trog
 49766 | Elf:3    | Reached XP level 21. HP: 207/207 MP: 20/20
 49796 | Elf:3    | Found Diqixis's Book Shoppe.
 49797 | Elf:3    | Found Zuupseon's Jewellery Shop.
 49797 | Elf:3    | Found Elimiut's Jewellery Shop.
 50231 | Elf:3    | Found a runed translucent door.
 50231 | Elf:3    | Noticed Vyun's ghost (adept MiFi)
 50250 | Elf:3    | Killed Vyun's ghost
 50469 | Elf:3    | Received a gift from Trog
 50742 | Elf:3    | Identified the +5 ring mail "Ipiahelada" {Harm rN+ Int-5
                  | Dex+4}
 50754 | Elf:3    | Identified the amulet "Ebbumor" {Faith rElec rF+ rC- Will+}
 50757 | Elf:3    | Identified the +0 scale mail of Ceavvam {rF+ SInv}
 50765 | Elf:3    | Identified the ring of Nicoil {rElec rPois EV+5 Str-5
                  | Int+7}
 50790 | Elf:3    | Identified the ring of Tustres {rC+ rCorr}
 50797 | Elf:3    | Identified the staff of earth "Kisuh" {rF+ Will+ Int+2
                  | Dex+2}
 50861 | Elf:3    | Identified the staff of fire "Cefish" {Fly rF+ Str+3 Dex+3
                  | Stlth+}
 51747 | Crypt:1  | Entered Level 1 of the Crypt
 51779 | Crypt:1  | Reached skill level 15 in Throwing
 52056 | Crypt:1  | Noticed Grunn
 52475 | Crypt:1  | Received a gift from Trog
 52837 | Crypt:1  | Killed Grunn
 53518 | Crypt:2  | Reached XP level 22. HP: 200/224 MP: 21/21
 53852 | Crypt:2  | Received a gift from Trog
 53926 | Crypt:3  | Entered Level 3 of the Crypt
 54579 | Crypt:3  | Noticed a dread lich
 54593 | Crypt:3  | Killed a dread lich
 54614 | Crypt:3  | Identified the +0 chain mail of Biodojec {Will+ rCorr}
 54614 | Crypt:3  | Identified the +1 lajatang "Wehasoj" {elec, rPois}
 54929 | Crypt:3  | Found a staircase to the Tomb.
 55005 | Crypt:3  | Received a gift from Trog
 55334 | Crypt:3  | Noticed a dread lich
 55350 | Crypt:3  | Killed a dread lich
 55378 | Crypt:3  | Identified the +7 dagger of Agony {freeze, +Blink rF+}
 55991 | Slime:1  | Entered Level 1 of the Pits of Slime
 56218 | Slime:4  | Gained mutation: Your magical capacity is low. (-10% MP) [a
                  | shining eye]
 56267 | Slime:5  | Entered Level 5 of the Pits of Slime
 56551 | Slime:4  | Received a gift from Trog
 56552 | Slime:4  | Reached XP level 23. HP: 234/234 MP: 19/19
 56617 | Slime:5  | Noticed the Royal Jelly
 56870 | Slime:5  | Found a viscous altar of Jiyva.
 56870 | Slime:5  | Gained mutation: You are vulnerable to heat. (rF-) [a
                  | shining eye]
 56977 | Slime:5  | Killed the Royal Jelly
 57112 | Slime:5  | Identified the +1 robe of the Wumpus {rC+ Int+2 Dex-2}
 57158 | Slime:5  | Identified the +1 morningstar of Subjectivity {freeze, rN+
                  | Str+6}
 57175 | Slime:5  | Identified the +9 scimitar of Freehold {speed, rF+}
 57183 | Slime:5  | Got a slimy rune of Zot
 57258 | Slime:5  | Identified the staff of air "Xuicaul" {rElec rN++ Will-
                  | Int+4}
 57521 | Lair:5   | Lost mutation: You are vulnerable to heat. (rF-) [potion of
                  | mutation]
 57521 | Lair:5   | Lost mutation: Your magical capacity is low. (-10% MP)
                  | [potion of mutation]
 57521 | Lair:5   | Gained mutation: Your muscles are strong. (Str +4, Int/Dex
                  | -1) [potion of mutation]
 57521 | Lair:5   | Gained mutation: You possess an exceptional clarity of
                  | mind. [potion of mutation]
 58170 | Depths:1 | Entered Level 1 of the Depths
 58206 | Depths:1 | Found Sexaf's Jewellery Shop.
 58212 | Depths:1 | Paralysed by a sphinx for 4 turns
 58292 | Depths:1 | Found a glowing golden altar of the Shining One.
 58377 | Depths:1 | Found a gateway to Hell.
 58419 | Depths:1 | Reached skill level 27 in Armour
 58492 | Depths:1 | Noticed Aizul
 58508 | Depths:1 | Killed Aizul
 58558 | Depths:1 | Received a gift from Trog
 58657 | Depths:1 | Found a one-way gateway to a ziggurat.
 58798 | Depths:1 | Identified the +4 rapier of Mabb {venom, Drain rN+++ Dex+3
                  | SInv}
 59155 | Depths:2 | Found a one-way gate leading to the halls of Pandemonium.
 59205 | Depths:2 | Found a flickering gateway to a bazaar.
 59249 | Bazaar   | Entered a bazaar
 59263 | Bazaar   | Found Jangoid's General Store.
 59263 | Bazaar   | Found Gukk's Magic Scroll Shoppe.
 59308 | Bazaar   | Found Meosynn's Assorted Antiques.
 59327 | Bazaar   | Found Biovvuhe's Magic Scroll Emporium.
 59327 | Bazaar   | Found Xoihuf Gecu's Antique Weapon Shoppe.
 59396 | Bazaar   | Bought a wand of quicksilver (4) for 151 gold pieces
 59396 | Bazaar   | Bought a scroll of enchant armour for 67 gold pieces
 59396 | Bazaar   | Bought a potion of might for 36 gold pieces
 59434 | Bazaar   | Bought 3 scrolls of enchant armour for 225 gold pieces
 59434 | Bazaar   | Bought a scroll of magic mapping for 75 gold pieces
 59434 | Bazaar   | Bought a scroll of teleportation for 30 gold pieces
 59434 | Bazaar   | Bought a scroll of teleportation for 30 gold pieces
 59448 | Bazaar   | Bought a wand of quicksilver (4) for 268 gold pieces
 59448 | Bazaar   | Bought a potion of curing for 48 gold pieces
 59448 | Bazaar   | Bought a potion of lignification for 48 gold pieces
 59448 | Bazaar   | Bought a potion of haste for 160 gold pieces
 59474 | Bazaar   | Bought a scroll of enchant armour for 120 gold pieces
 59474 | Bazaar   | Bought a scroll of teleportation for 48 gold pieces
 59474 | Bazaar   | Bought a scroll of magic mapping for 120 gold pieces
 59474 | Bazaar   | Bought a scroll of magic mapping for 120 gold pieces
 59474 | Bazaar   | Bought a scroll of enchant weapon for 120 gold pieces
 59474 | Bazaar   | Bought a scroll of immolation for 64 gold pieces
 59474 | Bazaar   | Bought a scroll of enchant weapon for 120 gold pieces
 59512 | Bazaar   | Bought a scroll of enchant weapon for 75 gold pieces
 59512 | Bazaar   | Bought a scroll of brand weapon for 95 gold pieces
 59526 | Bazaar   | Bought a scroll of fear for 64 gold pieces
 59526 | Bazaar   | Bought a potion of mutation for 128 gold pieces
 59637 | Depths:2 | Found a one-way gate to the infinite horrors of the Abyss.
 59928 | Depths:2 | Noticed a juggernaut
 59941 | Depths:2 | Killed a juggernaut
 60028 | Depths:2 | Noticed a juggernaut
 60038 | Depths:2 | Killed a juggernaut
 60219 | Depths:2 | Reached skill level 27 in Fighting
 60652 | Depths:3 | Received a gift from Trog
 60761 | Depths:3 | Noticed Mennas
 60782 | Depths:3 | Killed Mennas
 61128 | Depths:3 | Reached XP level 24. HP: 249/249 MP: 22/22
 61195 | Depths:3 | Received a gift from Trog
 61415 | Depths:3 | Found an ornate altar of the Wu Jian Council.
 62079 | Depths:4 | Entered Level 4 of the Depths
 62166 | Depths:4 | Found Sicsa Suuwk's Distillery.
 62173 | Depths:4 | Bought a potion of heal wounds for 125 gold pieces
 62173 | Depths:4 | Bought a potion of curing for 75 gold pieces
 62173 | Depths:4 | Bought a potion of lignification for 75 gold pieces
 62173 | Depths:4 | Bought a potion of resistance for 250 gold pieces
 62430 | Depths:4 | Found Dareqegh's Jewellery Shop.
 62434 | Depths:4 | Found Lurraoju's General Store.
 62435 | Depths:4 | Found Wihu's Book Shop.
 62436 | Depths:4 | Identified the +2 ring mail of the Unbroken {Rampage Drain
                  | rC+}
 62440 | Depths:4 | Bought a potion of heal wounds for 80 gold pieces
 62626 | Depths:4 | Received a gift from Trog
 62900 | Depths:4 | Bought the ring of Birdsong {rF+ rC+ Str+5 Int+8 Dex-4} for
                  | 926 gold pieces
 63582 | Depths:4 | Found a gate to the Realm of Zot.
 64086 | Shoals:3 | Bought 3 scrolls of teleportation for 180 gold pieces
 64086 | Shoals:3 | Bought a scroll of brand weapon for 190 gold pieces
 65128 | Zot:1    | Entered Level 1 of the Realm of Zot
 65427 | Vaults:5 | Entered Level 5 of the Vaults
 65612 | Vaults:5 | Reached skill level 27 in Shields
 65698 | Vaults:5 | Identified the +7 dagger "Kumavu Cuni" {flame, Int+3}
 65721 | Vaults:5 | Noticed Bai Suzhen
 65765 | Vaults:5 | Killed Bai Suzhen
 65766 | Vaults:5 | Reached skill level 1 in Dodging
 65783 | Vaults:5 | Received a gift from Trog
 65944 | Vaults:5 | Reached XP level 25. HP: 257/257 MP: 22/22
 66078 | Vaults:5 | Identified the +7 arbalest of the Neverending Dreams
                  | {heavy, rN+ Str+2 Dex+5}
 66204 | Vaults:5 | Identified the +2 robe of Jicrui {rPois Str+4}
 66274 | Vaults:5 | Identified the +0 plate armour of Xarphipt {*Corrode rElec
                  | Will+++ Int-4}
 66292 | Vaults:5 | Identified the +1 cloak "Fouvei" {rElec Str+4}
 66324 | Vaults:5 | Identified the staff of poison "Gujyumur" {+Blink rPois
                  | Int+2}
 66388 | Vaults:5 | Received a gift from Trog
 66493 | Vaults:5 | Reached skill level 5 in Dodging
 66518 | Vaults:5 | Identified the ring "Qemiymu" {Str+3 Int+6}
 66745 | Vaults:5 | Got a silver rune of Zot
 66755 | Vaults:5 | Noticed an ancient lich
 66773 | Vaults:5 | Killed an ancient lich
 66956 | Vaults:5 | Identified the ring of the Iron Devil {rPois rN+ Str+4
                  | Dex+6 Stlth+}
 66988 | Vaults:5 | Noticed an ancient lich
 66994 | Vaults:5 | Killed an ancient lich
 67159 | Vaults:5 | Received a gift from Trog
 67461 | Vaults:5 | Acquired 451 gold pieces
 67463 | Vaults:5 | Acquired the +1 pair of gloves "Hiqevaid" {Str+4 Dex+5}
 69000 | Zot:1    | Noticed a Killer Klown
 69000 | Zot:1    | Noticed a dread lich
 69008 | Zot:1    | Found a transporter.
 69010 | Zot:1    | Noticed dcgrp's ghost (legendary GrEE)
 69046 | Zot:1    | Noticed an ancient lich
 69061 | Zot:1    | Received a gift from Trog
 69110 | Zot:1    | Reached XP level 26. HP: 266/266 MP: 22/22
 69345 | Zot:1    | Identified the +8 tower shield of Feasting {rC- Dex+5}
 69364 | Zot:1    | Found a transporter.
 70542 | Zot:2    | Reached skill level 10 in Evocations
 71756 | Depths:4 | Bought the necklace of Bloodlust {Fury *Rage Will++ Int-3
                  | Slay+6} for 724 gold pieces
 71756 | Depths:4 | Found the necklace of Bloodlust {Fury *Rage Will++ Int-3
                  | Slay+6}
 72928 | Zot:3    | Identified the +10 falchion "Buef" {holy, rC+ Dex+3}
 72953 | Zot:3    | Identified the +1 scale mail of Imperfection {Harm +Inv
                  | rC+}
 73360 | Zot:4    | Received a gift from Trog
 73985 | Zot:4    | Reached skill level 15 in Evocations
 73995 | Zot:5    | Entered Level 5 of the Realm of Zot
 74527 | Zot:5    | Reached skill level 15 in Polearms
 74626 | Zot:5    | Noticed an ancient lich
 74632 | Zot:5    | Killed an ancient lich
 74643 | Zot:5    | Noticed an ancient lich
 74647 | Zot:5    | Killed an ancient lich
 74657 | Zot:5    | Noticed an orb of fire
 74660 | Zot:5    | Reached XP level 27. HP: 260/273 MP: 22/22
 74667 | Zot:5    | Killed an orb of fire
 75071 | Zot:5    | Noticed an ancient lich
 75077 | Zot:5    | Killed an ancient lich
 75220 | Zot:5    | Received a gift from Trog
 75262 | Zot:5    | Noticed a dread lich
 75272 | Zot:5    | Noticed an orb of fire
 75274 | Zot:5    | Gained mutation: You are clumsy. (Dex -2) [an orb of fire]
 75285 | Zot:5    | Killed an orb of fire
 75290 | Zot:5    | Killed a dread lich
 75292 | Zot:5    | Noticed an orb of fire
 75298 | Zot:5    | Lost mutation: You possess an exceptional clarity of mind.
                  | [an orb of fire]
 75300 | Zot:5    | Lost mutation: Your muscles are strong. (Str +4, Int/Dex
                  | -1) [an orb of fire]
 75301 | Zot:5    | Killed an orb of fire
 76543 | Zot:5    | Got the Orb of Zot
 76985 | D:$      | Escaped with the Orb!

Illustrated notes

Levels and vault maps discovered:
D:1:      dpeg_arrival_rooms_a, layout_basic
D:2:      layout_loops_ring
D:3:      layout_basic, chequers_ecumenical_altar_simple_redux, uniq_jessica
D:4:      layout_basic, serial_curves, eino_curves_04, eino_curves_02,
          dreamdust_mushroom_princess, uniq_grinder, uniq_ijyb
D:5:      layout_rooms, mainiacjoe_overflow_paths, uniq_edmund, uniq_duvessa,
          uniq_crazy_yiuf_cottage
D:6:      layout_cave_pools, old_standard_altar, serial_shops, shop
D:7:      layout_layer_cave, nicolae_overflow_crystal_walls,
          gammafunk_temple_of_torment, minmay_temple_entry_glassed_door,
          serial_bayou_pond_a, hangedman_decor_lopped
D:8:      layout_basic, mainiacjoe_overflow_boulevard, general_overflow_altar,
          cheibriados_altar_1
D:9:      layout_rooms, zombieorc2_lemuel, grunt_ministairs_1
D:10:     wander_kiku_kobolds, layout_basic, kennysheep_boxes, uniq_gastronok
D:11:     layout_stronghold, erik_lair_island
D:12:     layout_basic
D:13:     minmay_the_grid_triangle_9x9_line_8_mashed
          [minmay_the_grid_triangle_9x9_corrupted_corridor,
          minmay_the_grid_triangle_9x9_zippers_vertical,
          minmay_the_grid_triangle_9x9_alien,
          minmay_the_grid_triangle_9x9_empty,
          minmay_the_grid_triangle_9x9_zippers_horizontal,
          minmay_the_grid_triangle_9x9_negative_grid,
          minmay_the_grid_triangle_9x9_flanged_cone,
          minmay_the_grid_triangle_9x9_prize_center], layout_cave_pools,
          hangedman_vaults_entry_quadrant_bands
D:14:     layout_cave_pools, uniq_josephine, uniq_azrael
D:15:     gammafunk_enter_depths_forms, layout_rooms, minmay_misc_feat_x,
          uniq_roxanne
Temple:   eino_temple_lava
Lair:1:   layout_layer_cave, lightli_volcano_entry_magma_tube, minivault_24,
          grunt_megastairs_5, uniq_erica
Lair:2:   layout_regular_city, elwin_shoals_entry_rocks,
          infiniplex_staircase_pool
Lair:3:   layout_loops_ring, spider_nest_entry_web_field,
          minmay_stone_trees_small, fungi_pond_lemuel, minivault_19
Lair:4:   beargit_carnivore_pack, layout_loops_ring
Lair:5:   due_jungle_book, layout_cave_shapes, nicolae_slime_entry_field_trip,
          grunt_forest_large_clearings, serial_bayou_shore_b,
          serial_bayou_shore_a
Shoals:1: layout_shoals, uniq_nikola, uniq_kirke, uniq_louise
Shoals:2: layout_shoals
Shoals:3: layout_shoals, serial_shops, shop, nicolae_shop_tiny_real_fake_doors,
          shop, nicolae_shop_crystal, uniq_polyphemus, uniq_ilsuiw,
          uniq_jorgrun, uniq_mara
Shoals:4: shoals_end_hangedman, layout_shoals, shoals_ilsuiw_alternative,
          nicolae_shoals_kraken_intersection
Spider:1: layout_chambers, nicolae_spider_swamp_cousins, uniq_rupert, uniq_agnes
Spider:2: layout_spider_delve
Spider:3: layout_spider_delve
Spider:4: grunt_spider_rune_parallel, hellmonk_deceptive_appearances
Slime:1:  layout_caves
Slime:2:  layout_caves
Slime:3:  layout_caves
Slime:4:  layout_caves
Slime:5
Orc:1:    layout_caves, basic_altar
Orc:2:    grunt_orc_community_town_hall, layout_caves,
          grunt_orc_community_big_house_1, grunt_orc_community_big_house_2,
          grunt_orc_community_house_3, grunt_orc_community_house_3,
          grunt_orc_community_house_3, grunt_orc_community_house_1
Elf:1:    layout_loops_corners, ebering_ghost_xom, minmay_elf_annihilation,
          nicolae_elf_w_pinch
Elf:2:    nicolae_elf_blades_crystal_corner, layout_rooms, serial_shops, shop,
          minivault_25
Elf:3:    elf_hall, layout_onion_city, ebering_ghost_inner_flame, minivault_25,
          minmay_shop_grove
Vaults:1: v_misc_27, nicolae_vaults_security_offices_6,
          nicolae_vaults_sealed_display, nicolae_vaults_diamond_1,
          nicolae_vaults_meiosis, nicolae_vaults_big_ls, hangedman_vaults_hat,
          nicolae_vaults_closet_pinwheel_1, vaults_room_stairs_pillars,
          nicolae_vaults_house_2, nicolae_vaults_tetromino_Z_2,
          nicolae_vaults_diamond_1, v_misc_19,
          nicolae_vaults_trapezoid_lopsided_4, layout_vaults_maze_bifur,
          trove_entry_hex_spiral
Vaults:2: hangedman_vaults_nodes, ontoclasm_vaults_misaligned, v_misc_19,
          minmay_crypt_entry_necro_gods, nicolae_vaults_offset_grid_hallway_1,
          nicolae_vaults_closet_pinwheel_6, vaults_room_door_hall, v_rooms_2,
          grunt_vaults_swirl, nicolae_vaults_tangram_1, st_hourglassy,
          nicolae_vaults_network_star, serial_ice_m, layout_vaults_omnibox,
          uniq_xtahua
Vaults:3: nicolae_vaults_apartment_1, nicolae_vaults_frosty_reception,
          nicolae_vaults_shrinking_rooms_2, nicolae_vaults_storage_closets_2,
          vaults_mumra_minichess, nicolae_vaults_layer_cake_slice,
          vaults_room_grid, nicolae_vaults_offset_grid_hallway_3,
          ontoclasm_vaults_chip, nicolae_vaults_wine_cellar,
          nicolae_vaults_tetromino_Z_1, nicolae_vaults_stand_back,
          nicolae_vaults_trapezoid_lopsided_1, layout_vaults_omnicross,
          serial_shops, shop, uniq_frederick
Vaults:4: nicolae_vaults_ninety_degrees, nicolae_vaults_trapezoid_1,
          nicolae_vaults_double_plus_2, nicolae_vaults_network_s, v_misc_23,
          vaults_dpeg_ring, nicolae_vaults_stepped_doors,
          nicolae_vaults_specimen_jars, nicolae_vaults_house_3,
          nicolae_vaults_variable_pillar_hall, nicolae_vaults_trapezoid_1,
          nicolae_vaults_heart-shaped_vault, nicolae_vaults_three_branches,
          layout_vaults_big_room
Vaults:5: uniq_bai_suzhen
Crypt:1:  layout_gridlike, uniq_grunn
Crypt:2:  layout_chaotic_city
Crypt:3:  due_elkab, layout_chaotic_city, nicolae_tomb_entry_rubble_hallway,
          st_stairs_7, beargit_elvish_explorers
Depths:1: layout_twisted_cross, enter_ziggurat_f, tso_altar, serial_shops, shop,
          grunt_mini_vestibule, minmay_pinched_square, uniq_aizul
Depths:2: nicolae_aperiodic_l_corner, layout_cave_shapes,
          kennysheep_minor_cross, grunt_hell_entry_dis_mu, serial_shops,
          bzr_entry_dummy, pan_entry, abyss_entry, roderic_filled_cross
Depths:3: grunt_deathspiral_large, layout_honeycomb,
          hangedman_abyss_or_decor_lesser_grid, abyss_entry, pan_entry,
          hell_entry, nzn_wu_jian_contemplation,
          minmay_staircase_windowed_large, uniq_mennas
Depths:4: lemuel_castle_with_subvaults [lemuel_castle_interior_carwin_1],
          layout_cave_pools, abyss_entry, serial_shops, shop, hell_entry,
          ebering_dispersal_statue_hall, serial_sigils_hangedman_stare,
          minmay_shop_star
Zot:1:    layout_gridlike, gammafunk_ghost_abyssal_escape
Zot:2:    layout_concentric_octagons
Zot:3:    layout_basic, st_small_dragon_hoard_4, grunt_megastairs_1
Zot:4:    layout_misc_corridors
Zot:5:    layout_twisted_circle, grunt_ministairs_11, nicolae_lava_and_water

Skill      XL: |  1  2  3  4  5  6  7  8  9 10 11 12 13 14 15 16 17 18 19 20 21 22 23 24 25 26 27 |
---------------+----------------------------------------------------------------------------------+-----
Fighting       | 4 5 6 7 8 10 12 14 15 16 18 19 20 21 22 24 25 27 | 27.0
Ranged Weapons | 1 2 |  2.0
Polearms       | 3 6 9 13 14 15 18 | 18.5
Armour         | 4 5 6 7 10 12 14 15 18 20 21 22 25 27 | 27.0
Throwing       | 1 3 5 6 7 10 11 12 14 16 19 20 | 20.0
Maces & Flails | 1 4 6 8 10 12 14 16 | 16.0
Evocations     | 1 3 5 9 15 16 | 16.6
Shields        | 5 9 16 19 22 27 | 27.0
Dodging        | 2 5 |  5.0

Action                     |  1- 3 |  4- 6 |  7- 9 | 10-12 | 13-15 | 16-18 | 19-21 | 22-24 | 25-27 || total
---------------------------+-------+-------+-------+-------+-------+-------+-------+-------+-------++-------
  Melee: Trident           |   102 |    84 |    10 |       |    12 |    19 |   508 |   509 |    36 ||  1280
         Headbutt          |     8 |     7 |    49 |   113 |   277 |   392 |   383 |   645 |   412 ||  2286
         Whip              |       |       |   255 |   435 |       |       |       |       |       ||   690
         Dire flail        |       |       |       |   178 |   431 |       |       |       |       ||   609
         Glaive            |       |       |       |       |    18 |       |       |       |       ||    18
         Demon trident     |       |       |       |       |   861 |  1662 |   579 |  1709 |  1341 ||  6152
         Morningstar       |       |       |       |       |       |    32 |   456 |       |       ||   488
         Flail             |       |       |       |       |       |    10 |       |       |    52 ||    62
   Fire: Sling             |    14 |       |       |       |       |       |       |       |       ||    14
  Throw: Dart              |       |    15 |    26 |    76 |    98 |    34 |       |       |       ||   249
         Boomerang         |       |     5 |    21 |   100 |    67 |    18 |    34 |    63 |   112 ||   420
         Stone             |       |       |     3 |    12 |       |       |       |       |       ||    15
         Javelin           |       |       |       |       |     6 |     8 |    26 |    76 |    28 ||   144
         Throwing net      |       |       |       |       |       |     1 |       |     1 |       ||     2
 Invoke: Trog's Hand       |       |       |       |     5 |    10 |     8 |    10 |    16 |    11 ||    60
         Berserk           |       |       |       |     3 |       |       |       |       |       ||     3
         Brothers in Arms  |       |       |       |       |     3 |     6 |     4 |     5 |     1 ||    19
  Evoke: Wand              |       |     3 |    11 |    15 |     7 |    23 |     1 |     5 |    23 ||    88
         Lightning rod     |       |       |       |       |     3 |       |       |       |       ||     3
         Box of beasts     |       |       |       |       |       |     1 |       |       |       ||     1
         Phial of floods   |       |       |       |       |       |     1 |     1 |       |       ||     2
         Condenser vane    |       |       |       |       |       |       |     1 |     2 |       ||     3
         Phantom mirror    |       |       |       |       |       |       |       |     1 |       ||     1
    Use: Scroll            |     6 |       |     7 |     8 |    17 |    15 |    10 |    21 |    17 ||   101
         Potion            |       |       |       |     2 |     4 |     8 |    13 |    10 |    10 ||    47
   Stab: Betrayed ally     |       |       |     1 |       |       |       |       |       |       ||     1
         Petrified         |       |       |       |       |       |     5 |       |       |       ||     5
         Held in net/web   |       |       |       |       |       |     4 |       |     1 |       ||     5
         Distracted        |       |       |       |       |       |     3 |       |       |       ||     3
         Invisible         |       |       |       |       |       |       |       |     5 |     1 ||     6
 Armour: Scale mail        |    35 |    23 |     3 |       |       |       |       |       |       ||    61
         Chain mail        |       |       |    28 |    83 |    31 |       |   182 |   418 |    81 ||   823
         Plate armour      |       |       |    69 |   236 |   479 |   428 |   158 |   156 |    67 ||  1593
         Skin              |       |       |       |       |       |       |     4 |       |       ||     4
         Gold dragon scale |       |       |       |       |       |       |       |       |   145 ||   145
  Dodge: Dodged            |    26 |    25 |    77 |   156 |   234 |   138 |   137 |   257 |   176 ||  1226
  Block: Buckler           |    10 |     8 |    37 |    54 |   169 |       |       |       |       ||   278
         Tower shield      |       |       |       |       |    14 |  1169 |  1113 |  1748 |   919 ||  4963
         Reflection        |       |       |       |       |    11 |    56 |    82 |    18 |    22 ||   189
